 Dungeon Crawl Stone Soup version 0.28.0-53-g5a82cb258f (webtiles) character file.

Game seed: 1513227139584057446

964 Sin92 the Skirmisher (level 7, -1/63 HPs)
             Began as a Minotaur Fighter on June 14, 2022.
             Was a Follower of Okawaru.
             Slain by an iguana (7 damage)
             ... on level 5 of the Dungeon on June 15, 2022.
             The game lasted 00:07:54 (4891 turns).

Sin92 the Skirmisher (Minotaur Fighter)             Turns: 4891, Time: 00:07:55

Health: -1/63      AC: 11    Str: 21    XL:     7   Next: 93%
Magic:  7/7        EV:  9    Int: 11    God:    Okawaru [*.....]
Gold:   268        SH:  7    Dex: 17    Spells: 6/6 levels left

rFire   . . .      SeeInvis .   a - +1 war axe
rCold   . . .      Faith    .   c - +1 buckler
rNeg    . . .      Spirit   .   o - +1 chain mail
rPois   .          Reflect  .   (helmet restricted)
rElec   .          Harm     .   (no cloak)
rCorr   .          Rampage  .   (no gloves)
Will    .....                   (no boots)
Stlth   ..........              (no amulet)
HPRegen 0.20/turn               e - +6 ring of dexterity
MPRegen 0.10/turn               h - +6 ring of intelligence

@: no status effects
A: horns 2, retaliatory headbutt
a: Renounce Religion, Heroism


You were on level 5 of the Dungeon.
You worshipped Okawaru.
Okawaru was aware of your devotion.
You visited 2 branches of the dungeon, and saw 6 of its levels.

You collected 268 gold pieces.

Inventory:

Hand Weapons
 a - a +1 war axe (weapon)
Armour
 b - a +0 scale mail
 c - a +1 buckler (worn)
 o - a +1 chain mail (worn)
Jewellery
 e - a +6 ring of dexterity (left hand)
 h - a +6 ring of intelligence (right hand)
 m - a ring of wizardry
Wands
 d - a wand of flame (18)
Scrolls
 g - a scroll of magic mapping
 i - 2 scrolls of noise
 k - 3 scrolls of identify
 n - a scroll of teleportation


   Skills:
 + Level 6.0 Fighting
 + Level 5.3 Axes
 + Level 5.9 Armour
 + Level 4.1 Dodging
 + Level 5.9 Shields
 + Level 1.6 Invocations


You had 6 spell levels left.
You didn't know any spells.
Your spell library contained the following spells:

 Spells                   Type           Power      Damage    Failure   Level
 Conjure Flame            Conj/Fire      0%         6-21      100%        3
 Ignite Poison            Fire/Tmut/Pois 0%         N/A       100%        3
 Sticky Flame             Conj/Fire      0%         2d3       100%        4
 Summon Small Mammal      Summ           Unusable   N/A       N/A         1
 Call Canine Familiar     Summ           Unusable   N/A       N/A         3
 Summon Guardian Golem    Hex/Summ       Unusable   N/A       N/A         3

Dungeon Overview and Level Annotations

Branches:
Dungeon (5/15)             Temple (1/1) D:4

Altars:
Ashenzari
Dithmenos
Elyvilon
Fedhas
Gozag
Hepliaklqana
Kikubaaqudgha
Makhleb
Nemelex Xobeh
Okawaru
Qazlal
Ru
Sif Muna
Trog
Uskayaw
Vehumet
Wu Jian
Xom
Yredelemnul
Zin
The Shining One


Innate Abilities, Weirdness & Mutations

You have a pair of horns on your head.
You reflexively headbutt those who attack you in melee.


Message History

You feel a bit more experienced.
You closely miss the orc. Your headbutt misses the orc.
The orc hits you but does no damage. The orc barely misses you.
You hit the orc but do no damage. Your headbutt misses the orc.
The orc hits you but does no damage.
The orc priest looks encouraged for a moment.
You hit the orc.
The orc is heavily wounded.
The orc closely misses you.
You hit the orc.
The orc is severely wounded.
You block the orc's attack.
The orc priest invokes the aid of Beogh against you.
Beogh smites you!
* * * LOW HITPOINT WARNING * * *
You slash the orc!
You kill the orc!
Okawaru accepts your kill.
The orc priest looks braver for a moment.
A water moccasin zombie comes into view.
You barely miss the orc priest.
The orc priest hits you but does no damage.
You block the orc priest's attack.
You barely miss the orc priest. You block the orc priest's attack.
You barely miss the orc priest. You block the orc priest's attack.
You closely miss the orc priest. You headbutt the orc priest!
The orc priest is heavily wounded.
The orc priest barely misses you.
You closely miss the orc priest.
The orc priest is heavily wounded.
The orc priest hits you with a +0 dagger.
* * * LOW HITPOINT WARNING * * *
The orc priest hits you but does no damage.
You slash the orc priest!
You kill the orc priest!
Okawaru accepts your kill. The iguana bites you!
* * * LOW HITPOINT WARNING * * *
You barely miss the iguana. The iguana bites you!
You die...

...#+#... ........#
........# ........#
........# .......o#
....ZooS# #l# #@##
#..# #####'##.#
########........#
#...............#
####...............#
#..................#
#.....#..............
#.....#........##..###


You could see an iguana, an orc priest, an adder and an orc.

Vanquished Creatures
  Sigmund (D:3)
  An ice beast (D:5)
  2 ogres
  A howler monkey (D:4)
  A bullfrog zombie (D:4)
  2 hounds (D:5)
  A gnoll shaman (D:3)
  2 orc priests (D:5)
  Ijyb (D:3)
  A bullfrog skeleton (D:4)
  2 orc wizards (D:5)
  Robin (D:3)
  3 gnolls (D:3)
  8 adders
  An ufetubus (D:3)
  A worm (D:2)
  4 dart slugs
  10 orcs
  8 bats
  11 endoplasms
  6 giant cockroaches
  11 goblins
  10 hobgoblins
  A jackal (D:1)
  6 kobolds
  2 quokkas
  4 ball pythons
  4 frilled lizards
  3 rats
109 creatures vanquished.

Vanquished Creatures (others)
  3 plants (D:1)
3 creatures vanquished.

Grand Total: 112 creatures vanquished

Notes
Turn   | Place    | Note
-------+----------+-------------------------------------------
     0 | D:1      | Sin92 the Minotaur Fighter began the quest for the Orb.
     0 | D:1      | Reached XP level 1. HP: 19/19 MP: 0/0
   119 | D:1      | Reached XP level 2. HP: 14/27 MP: 1/1
   451 | D:1      | Reached skill level 1 in Dodging
   585 | D:1      | Reached skill level 4 in Fighting
   585 | D:1      | Reached XP level 3. HP: 32/33 MP: 2/2
  1499 | D:2      | Reached XP level 4. HP: 40/40 MP: 3/3
  1510 | D:2      | You fall into a shaft and drop 1 floor!
  1605 | D:3      | Noticed Ijyb
  1618 | D:3      | HP: 2/41 [Ijyb/+0 dagger (2)]
  1623 | D:3      | Killed Ijyb
  1624 | D:3      | Reached XP level 5. HP: 10/47 MP: 4/4
  1923 | D:3      | Noticed Robin
  1943 | D:3      | Killed Robin
  2117 | D:3      | Noticed an ogre
  2123 | D:3      | Killed an ogre
  2124 | D:3      | Reached XP level 6. HP: 11/55 MP: 5/5
  2477 | D:3      | Reached skill level 5 in Fighting
  2735 | D:3      | Noticed Sigmund
  2743 | D:3      | Killed Sigmund
  2744 | D:3      | Reached skill level 5 in Armour
  2744 | D:3      | Reached skill level 5 in Shields
  3392 | D:4      | Reached XP level 7. HP: 59/61 MP: 6/6
  3709 | D:4      | Found a staircase to the Ecumenical Temple.
  3737 | Temple   | Entered the Ecumenical Temple
  3950 | Temple   | Became a worshipper of Warmaster Okawaru
  4299 | D:5      | Entered Level 5 of the Dungeon
  4373 | D:5      | Reached skill level 5 in Axes
  4373 | D:5      | Reached skill level 1 in Invocations
  4869 | D:5      | Reached * piety under Okawaru
  4870 | D:5      | Reached skill level 6 in Fighting
  4891 | D:5      | Slain by an iguana

Illustrated notes

Levels and vault maps discovered:
D:1:      onia_arrival_pyramid, layout_basic, hangedman_abyss_or_decor_stabs,
          minivault_25, serial_bayou_pond_b, serial_bayou_pond_e,
          minmay_ruptured
D:2:      layout_basic
D:3:      layout_basic, uniq_ijyb, uniq_sigmund, uniq_robin
D:4:      layout_basic, minmay_temple_entry_waves, minmay_increasing_density
D:5:      layout_basic
Temple:   mainiacjoe_temple_hex_bubbles

Skill      XL: |  1  2  3  4  5  6  7 |
---------------+----------------------+-----
Dodging        | 1 2 3 4 |  4.1
Armour         | 4 5 |  5.9
Fighting       | 4 5 6 |  6.0
Shields        | 4 5 |  5.9
Axes           | 3 4 5 |  5.3
Invocations    | 1 |  1.6

Action                   |  1- 3 |  4- 6 |  7- 9 || total
-------------------------+-------+-------+-------++-------
Melee: War axe           |    83 |    93 |    82 ||   258
       Headbutt          |    10 |    18 |    10 ||    38
  Use: Potion            |       |     4 |     1 ||     5
       Scroll            |       |     4 |     3 ||     7
Armor: Scale mail        |    43 |    53 |    16 ||   112
       Chain mail        |       |       |    20 ||    20
Dodge: Dodged            |    33 |    50 |    22 ||   105
Block: Buckler           |    22 |    28 |    23 ||    73
